 Dungeon Crawl Stone Soup version 0.17-a0-1399-gd5b76e1 (webtiles) character file.

1012736 abixa the Executioner (level 27, -1/269 HPs)
             Began as a Minotaur Gladiator on June 17, 2015.
             Was the Champion of Okawaru.
             Killed from afar by an Ice Fiend (8 damage)
             ... with a bolt of cold
             ... on level 7 of Cocytus on June 18, 2015.
             The game lasted 09:19:43 (108992 turns).

abixa the Executioner (Minotaur Gladiator)        Turns: 108992, Time: 09:19:43

Health: -1/269     AC: 43    Str: 26 (27) XL:     27
Magic:  9/13       EV: 27    Int:  5      God:    Okawaru [******]
Gold:   10715      SH:  0    Dex: 24 (25) Spells: 3 memorised, 22 levels left

rFire  + . .     SeeInvis .     c - +8 Wrath of Trog {antimagic, *Rage}
rCold  + + .     Rnd*Rage +     w - +9 armour of the Dragon King {rPois rF+ rC+ MR+}
rNeg   + + .     SustAt   .     (no shield)
rPois  +         Gourm    .     (helmet restricted)
rElec  .         Spirit   .     P - +0 cloak of Forking Paths {Str+2 Int+2 Dex+3 Slay+5}
rCorr  .         Warding  .     n - +1 pair of gloves of Leapfrog {rC+ MR+ Regen+ Str+3}
rMut   .         Stasis   .     A - +1 pair of boots {run}
MR     ++++.                    E - amulet of regeneration
Stlth  ..........               Q - ring of positive energy
                                x - ring of positive energy

@: about to teleport, finesse, quick, incredibly resistant to hostile
enchantments, extremely unstealthy
A: retaliatory headbutt, horns 2, deterioration 1, dopey 1
a: Heroism, Finesse, Renounce Religion
}: 8/15 runes: barnacled, slimy, silver, golden, obsidian, bone, abyssal,
gossamer


You were on level 7 of Cocytus.
You worshipped Okawaru.
Okawaru was exalted by your worship.
You were near starving.

You visited 16 branches of the dungeon, and saw 83 of its levels.
You visited the Abyss 1 time.
You visited 1 bazaar.

You collected 14080 gold pieces.
You spent 3365 gold pieces at shops.

Inventory:

Hand weapons
 a - a +9 executioner's axe of freezing
 b - a +2 arbalest of velocity
 c - the +8 Wrath of Trog (weapon) {antimagic, *Rage}
   (You found it on level 7 of Tartarus)

   It disrupts the flow of magical energy around spellcasters and certain
   magical creatures (including the wielder).
   It may make you go berserk in combat.
Missiles
 g - 5 throwing nets (quivered)
 l - 119 bolts of penetration
 q - 1800 bolts
 u - 10 steel bolts
Armour
 n - the +1 pair of gloves of Leapfrog (worn) {rC+ MR+ Regen+ Str+3}
   (Okawaru gifted it to you on level 5 of the Vaults)

   It affects your strength (+3).
   It protects you from cold.
   It affects your resistance to hostile enchantments.
   It increases your rate of regeneration.
 w - the +9 armour of the Dragon King (worn) {rPois rF+ rC+ MR+}
   (You bought it in a shop on level 7 of the Dungeon)

   It protects you from fire.
   It protects you from cold.
   It protects you from poison.
   It affects your resistance to hostile enchantments.
 A - a +1 pair of boots of running (worn)
 B - the +1 pair of gloves of Altruism {rN+ Str+3 SInv}
   (Okawaru gifted it to you on level 4 of the Orcish Mines)

   It affects your strength (+3).
   It protects you from negative energy.
   It lets you see invisible.
 N - the +0 pair of gloves of Hedging {rF+++ Dex+8 Stlth-, unknown}
   (Okawaru gifted it to you on level 7 of Cocytus)

   It affects your dexterity (+8).
   It renders you almost immune to fire.
   It makes you less stealthy.
 P - the +0 cloak of Forking Paths (worn) {Str+2 Int+2 Dex+3 Slay+5}
   (Okawaru gifted it to you on level 1 of the Depths)

   It affects your strength (+2).
   It affects your intelligence (+2).
   It affects your dexterity (+3).
   It affects your accuracy and damage with ranged weapons and melee attacks
   (+5).
Jewellery
 k - an uncursed ring of protection from cold
 x - a ring of positive energy (left hand)
 E - an amulet of regeneration (around neck)
 H - an uncursed ring of protection from fire
 L - the ring of Zavuapn {+Blink Str+4 SInv Stlth+}
   (You found it on level 7 of Tartarus)

   [ring of stealth]

   It affects your strength (+4).
   It lets you see invisible.
   It lets you blink.
   It makes you more stealthy.
 Q - a ring of positive energy (right hand)
 T - an uncursed ring of teleportation
 V - an uncursed amulet of resist corrosion
 W - an uncursed amulet of resist mutation
 X - an uncursed ring of flight
Magical devices
 d - a wand of heal wounds (3)
 S - a wand of teleportation (2)
 U - a wand of digging (13)
Scrolls
 m - 7 scrolls of recharging
 p - 3 scrolls of silence
 s - 19 scrolls of remove curse
 D - 7 scrolls of blinking
 F - 6 scrolls of summoning
 G - 10 scrolls of teleportation
 O - 2 scrolls of holy word
 R - 10 scrolls of fog
 Y - 9 scrolls of magic mapping
Potions
 e - 25 potions of curing
 f - 5 potions of might
 h - 4 potions of berserk rage
 o - 14 potions of magic
 r - 11 potions of agility
 t - 6 potions of haste
 z - 6 potions of cure mutation
 C - 11 potions of flight
 J - 5 potions of cancellation
 K - 16 potions of heal wounds
Miscellaneous
 i - a lamp of fire
 v - the horn of Geryon
 y - a stone of tremors
 M - a phial of floods
 Z - a fan of gales
Comestibles
 j - 31 meat rations


   Skills:
 + Level 26.1 Fighting
 + Level 26.3 Axes
 + Level 24.3 Crossbows
 - Level 2.0 Throwing
 + Level 26.2 Armour
 + Level 26.1 Dodging
 - Level 6.0 Invocations
 + Level 26.1 Evocations


You had 22 spell levels left.
You knew the following spells:

 Your Spells              Type           Power        Failure   Level  Hunger
a - Apportation           Tloc           #.........   100%        1    ##.....
b - Summon Butterflies    Summ           #.......     100%        1    ##.....
c - Swiftness             Chrm/Air       #.......     100%        2    ###....


Dungeon Overview and Level Annotations

Branches:
Dungeon (15/15)            Temple (1/1) D:6            Lair (8/8) D:9
 Shoals (4/4) Lair:4       Spider (4/4) Lair:4        Slime (6/6) Lair:8
    Orc (4/4) D:12            Elf (3/3) Orc:3        Vaults (5/5) D:13
  Crypt (3/3) Vaults:3       Tomb (3/3) Crypt:3      Depths (5/5) D:15
   Hell (1/1)                 Dis (0/7) Hell            Geh (7/7) Hell
    Coc (7/7) Hell            Tar (7/7) Hell            Zot (0/5) Depths:5

Altars:
Ashenzari
Cheibriados
Dithmenos
Elyvilon
Fedhas
Gozag
Kikubaaqudgha
Makhleb
Nemelex Xobeh
Okawaru
Qazlal
Ru
Sif Muna
Trog
Vehumet
Xom
Yredelemnul
Zin
The Shining One
Beogh
Jiyva

Shops:
D:4 !   D:7 [   D:8 ?   D:12 (   Orc:3 :   Orc:4 [=(*   Elf:3 (   Shoals:3 *
Vaults:1 :

Portals:
Hell: Depths:1 Depths:2 Depths:3 Depths:4 Depths:5
Abyss: Depths:3 Depths:4
Pandemonium: Depths:2 Depths:3 Depths:5
Ziggurat: Depths:5

Annotations:
Elf:3 evo flight, boxes of beasts, sack of spiders, manual of tloc
Vaults:3 wand of tele
Vaults:5 amulet int+10
Coc:7 Antaeus


Innate Abilities, Weirdness & Mutations

You reflexively headbutt those who attack you in melee.
You have a pair of horns on your head.
Your body sometimes deteriorates upon taking damage.
You are dopey. (Int -2)


Message History

You hit Antaeus but do no damage.
Antaeus is moderately wounded.
You hit the Ice Fiend but do no damage.
The Ice Fiend is moderately wounded.
You hit Antaeus.
Antaeus's magic leaks into the air.
Antaeus is moderately wounded.
Antaeus hits you!!!
* * * LOW HITPOINT WARNING * * *
Your body deteriorates!
You feel weakened. Antaeus freezes you!! You resist.
* * * LOW HITPOINT WARNING * * *
Antaeus hits you but does no damage.
Drink which item? (? for menu, Esc to quit)
You feel much better. The ice encasing you melts away.
The Ice Fiend claws you but does no damage.
The Ice Fiend completely misses you. The Ice Fiend gestures at you.
The bolt of cold hits you! You resist.
You die...

≈≈....##,,,,,,,,,,≈≈≈≈≈≈,,,,,,,,,,*
≈....##.......≈≈≈≈≈≈≈≈≈≈≈≈≈≈,,,,,,,
≈..§##....2≈≈≈≈≈≈≈≈≈≈≈≈≈≈≈≈≈≈≈≈,,,,
≈..##....≈≈≈≈≈*****≈≈≈≈*****≈≈≈≈≈,,
≈.##,...≈≈≈≈≈#*,,*##≈≈***,,**≈≈≈≈≈,
≈.#*...≈≈≈≈≈≈#,,,+.#***,+,,,*≈≈≈≈≈,
≈.##...≈≈≈≈≈≈#,,,*'##**+*,,,*≈≈≈≈≈≈
≈..#..≈≈≈≈≈≈≈#####1.#*,,*****≈≈≈≈≈≈
≈≈.#.≈≈≈≈≈≈≈.+.).@.φ#*,,+,,,+,≈≈≈≈≈
≈≈.#.≈≈≈≈≈≈≈.+)).'C.#*,,+,,,+,≈≈≈≈≈
≈≈.#.≈≈≈≈≈≈≈≈#####1.#*,,*****≈≈≈≈≈≈
≈..#..≈≈≈≈≈≈≈#,,,*'##**+*,,,*≈≈≈≈≈≈
≈.##...≈≈≈≈≈≈#,,,+.#***,+,,,*≈≈≈≈≈≈
≈.##...≈≈≈≈≈≈##,,*##≈≈***,,**≈≈≈≈≈≈
≈.##....≈≈≈≈≈≈####*≈≈≈≈*****≈≈≈≈≈≈,
≈..##....≈≈≈≈≈≈≈≈≈≈≈≈≈≈≈≈≈≈≈≈≈≈≈≈,,
≈...##.....≈≈≈≈≈≈≈≈≈≈≈≈≈≈≈≈≈≈≈≈,,,,


You could see Antaeus and 2 Ice Fiends.

Vanquished Creatures
  Asmodeus (Geh:7)
  the royal jelly (Slime:6)
  Ereshkigal (Tar:7)
  Khufu (Tomb:2)
  7 ancient liches
  Mennas (Vaults:4)
  29 greater mummies
  Boris (Vaults:4)
  7 shard shrikes
  Frederick (Depths:3)
  Norris (Vaults:1)
  Saint Roka (D:15)
  A caustic shrike (Depths:4)
  Geryon (Hell)
  Nikola (Elf:2)
  5 golden dragons
  the Enchantress (Depths:4)
  The ghost of Xoff the Warrior, a great GrFi of Qazlal (Tomb:1)
  2 profane servitors
  8 bone dragons
  Jorgrun (Shoals:4)
  3 tentacled monstrosities (Vaults:5)
  24 Brimstone Fiends
  2 Hell Sentinels
  A hellephant (Hell)
  15 liches
  8 Ice Fiends
  Asterion (Depths:1)
  An Executioner (Abyss:1)
  2 quicksilver dragons
  2 deep elf master archers (Elf:3)
  4 deep elf blademasters (Elf:3)
  Murray (Hell)
  5 titans
  12 acid blobs
  Polyphemus (Shoals:3)
  3 eldritch tentacles
  23 Shadow Fiends
  2 krakens
  Gastronok (D:10)
  11 tengu reavers
  7 shadow dragons
  6 sphinxes
  9 tentacled starspawn
  A storm dragon (shapeshifter) (Depths:3)
  8 ancient champions
  2 storm dragons
  Ilsuiw (Shoals:4)
  5 revenants
  11 frost giants
  2 azure jellies (Slime:6)
  6 deep elf sorcerers
  An orc warlord (Orc:4)
  3 iron dragons
  24 vault wardens
  17 fire giants
  7 ghost moths
  Aizul (Spider:4)
  Louise (Shoals:4)
  2 draconian scorchers (Depths:5)
  3 curse skulls
  13 balrugs
  2 cacodemons
  4 spriggan defenders
  5 emperor scorpions
  11 ghouls
  5 war gargoyles
  31 reapers
  15 ironheart preservers
  9 vampire knights
  30 stone giants
  27 very ugly things
  15 salamander firebrands
  Nessos (D:13)
  10 deep elf demonologists
  3 bennus
  Azrael (Elf:2)
  A mottled draconian (Depths:5)
  5 lorocyprocas
  2 red draconians (Depths:5)
  A dire elephant (Abyss:3)
  15 deep elf annihilators
  A white draconian (Depths:5)
  2 black draconians
  A purple draconian (Depths:5)
  7 blizzard demons
  7 merfolk javelineers
  A green death (Abyss:3)
  Snorg (Orc:4)
  23 mummy priests
  5 quicksilver dragon zombies
  A crystal guardian (Vaults:4)
  9 merfolk impalers
  13 deep elf death magi
  8 eidola
  6 fire dragons
  8 rakshasas
  Josephine (D:10)
  The ghost of Charly the Black Belt, a powerful DsAs of Cheibriados (Orc:4)
  10 deep elf high priests
  5 ettins
  21 jiangshi
  38 vault guards
  4 death oozes
  5 quicksilver dragon skeletons
  3 kraken zombies (Coc:3)
  Fannar (D:10)
  17 great orbs of eyes
  8 hydras
  16 entropy weavers
  18 yaktaur captains
  Harold (Orc:1)
  2 hell beasts
  7 spriggan air magi
  A catoblepas (Shoals:3)
  29 ice dragons
  2 satyrs
  A naga warrior (Abyss:3)
  33 large abominations
  A merfolk avatar (Shoals:4)
  12 centaur warriors
  A ghost crab (Tar:7)
  2 death knights
  6 salamander stormcallers
  3 tengu warriors
  Erolcha (Orc:2)
  An alligator snapping turtle (Shoals:3)
  A ghost crab (shapeshifter) (Vaults:4)
  4 merfolk aquamancers (Shoals:4)
  14 ogre magi
  8 death yaks
  23 dancing weapons
  7 deep troll shamans
  7 titan zombies
  5 thrashing horrors
  11 vampire magi
  10 soul eaters
  15 hell hogs
  9 deep troll earth magi
  8 spriggan berserkers
  A storm dragon zombie (Geh:2)
  11 sun demons
  Nergalle (Lair:1)
  2 orc high priests (Orc:4)
  12 wretched stars
  6 iron trolls
  8 titan skeletons
  8 flayed ghosts
  24 ice devils
  5 shadow wraiths
  180 skeletal warriors
  4 spatial maelstroms
  14 anaconda zombies
  5 storm dragon skeletons
  17 sea snakes
  28 deep elf knights
  31 deep trolls
  10 deep elf summoners
  3 golden dragon zombies
  3 ghost moth zombies
  25 death scarabs
  7 giant orange brains
  41 hell knights
  13 shadow demons
  3 unseen horrors
  A tengu zombie (Depths:2)
  3 wizards
  2 ice statues (Hell)
  50 anubis guards
  2 harpies (shapeshifter)
  A lindwurm (Lair:8)
  7 hill giants
  A kraken simulacrum (Hell)
  A mana viper (Abyss:3)
  7 anaconda skeletons
  6 shadow dragon zombies
  30 harpies
  3 oklob plants (Lair:4)
  16 ironbrand convokers
  A shambling mangrove (Abyss:3)
  2 mana vipers (shapeshifter)
  36 phantasmal warriors
  70 ugly things
  5 iron dragon zombies
  6 golden dragon skeletons
  9 fire giant zombies
  5 shadow dragon skeletons
  23 deep elf conjurers
  19 orc knights
  4 wolf spider zombies
  16 griffons
  15 orb spiders
  11 salamanders
  6 fauns
  10 hornets
  7 stone giant zombies
  14 cyclopes
  A manticore (shapeshifter) (Elf:1)
  5 shining eyes
  3 sphinx skeletons
  7 frost giant zombies
  12 necromancers
  39 wolf spiders
  2 black mambas
  2 water nymphs (shapeshifter)
  2 octopodes (shapeshifter)
  5 orc sorcerers
  2 hornets (shapeshifter)
  10 manticores
  A faun (shapeshifter) (Vaults:5)
  20 elephants
  2 moths of wrath
  9 water nymphs
  3 dire elephant zombies
  4 fire giant skeletons
  4 iron dragon skeletons
  5 frost giant skeletons
  7 rust devils
  A titan simulacrum (Coc:7)
  4 stone giant skeletons
  Maurice (D:9)
  A guardian serpent (Abyss:3)
  A naga mage (Abyss:3)
  3 gargoyles
  5 eyes of devastation
  2 centaur zombies
  13 molten gargoyles
  2 shock serpent zombies
  A wolf spider (shapeshifter) (Vaults:3)
  4 sixfirhies
  2 storm dragon simulacra (Coc:7)
  13 sirens
  20 spiny frogs
  6 worldbinders
  Psyche (D:8)
  2 torpor snails
  23 vault sentinels
  4 apocalypse crabs
  8 efreet
  7 orange demons
  A shock serpent skeleton (Coc:4)
  A purple draconian zombie (Crypt:1)
  A red draconian zombie (Crypt:3)
  90 yaktaurs
  2 catoblepas zombies
  A spiny frog (shapeshifter) (D:14)
  A kobold demonologist (D:12)
  3 orc skeletons
  14 demonic crawlers
  4 fire drakes
  A komodo dragon (shapeshifter) (Vaults:4)
  3 emperor scorpion zombies
  27 hellions
  7 dire elephant skeletons
  21 smoke demons
  27 small abominations
  18 tormentors
  13 deep elf priests
  34 freezing wraiths
  A wandering mushroom (Lair:7)
  2 tengu conjurers
  8 komodo dragons
  3 anaconda simulacra
  13 trolls
  2 catoblepas skeletons
  A mottled draconian skeleton (Crypt:2)
  2 trolls (shapeshifter)
  11 ancient zymes
  46 guardian mummies
  A sea snake skeleton (Crypt:2)
  11 blue devils
  3 harpy zombies
  11 hydra zombies
  3 yaktaur skeletons
  A polar bear (Lair:5)
  31 merfolk
  A giant leech (Lair:8)
  26 red devils
  An entropy weaver zombie (Crypt:3)
  3 wind drakes
  6 fire vortices
  24 raiju
  22 two-headed ogres
  3 bog bodies
  Grinder (D:3)
  28 jumping spiders
  22 blink frogs
  4 silent spectres
  12 hydra skeletons
  A spriggan zombie (Depths:1)
  7 boulder beetles
  54 slime creatures
  19 ushabtiu
  A two-headed ogre (shapeshifter) (Depths:3)
  6 ice dragon zombies
  7 alligator zombies
  A boulder beetle (shapeshifter) (Vaults:3)
  2 raiju (shapeshifter)
  32 deep elf magi
  6 ettin zombies
  An iron dragon simulacrum (Abyss:3)
  4 harpy skeletons
  8 ynoxinuls
  10 air elementals
  28 shadows
  13 snapping turtles
  25 tarantellas
  A spriggan simulacrum (Depths:1)
  2 alligator skeletons
  5 fire dragon zombies
  16 trapdoor spiders
  A black mamba zombie (Geh:1)
  190 flying skulls
  9 ettin skeletons
  42 wraiths
  24 water elementals
  9 fire dragon skeletons
  10 ice dragon skeletons
  12 spriggans
  42 deep elf fighters
  A redback (shapeshifter) (Depths:5)
  A blink frog (shapeshifter) (Depths:1)
  2 wyverns
  10 neqoxecs
  A wyvern (shapeshifter) (Vaults:4)
  A basilisk (shapeshifter) (Vaults:1)
  57 redbacks
  51 yaks
  2 basilisks
  13 hippogriffs
  9 hungry ghosts
  5 golden eyes (Slime:6)
  19 vampires
  A hog (shapeshifter) (Depths:2)
  A salamander skeleton (Vaults:3)
  23 vampire mosquitoes
  3 steam dragons
  A naga (shapeshifter) (Abyss:1)
  3 elf skeletons
  2 black mamba skeletons
  8 wolves
  3 chaos spawn
  20 fire elementals
  A yaktaur simulacrum (Vaults:1)
  A hydra simulacrum (Coc:7)
  A water nymph zombie (Crypt:1)
  An insubstantial wisp (Abyss:1)
  3 mottled dragons
  A putrid demonspawn zombie (Crypt:1)
  9 spiny frog zombies
  11 spatial vortices
  A harpy simulacrum (D:15)
  A deep troll zombie (Vaults:1)
  5 porcupines
  7 wargs
  3 sky beasts
  A wasp (shapeshifter) (Vaults:2)
  32 necrophages
  A ghost crab zombie (Crypt:3)
  7 spiders
  13 ice beasts
  A black bear (shapeshifter) (Vaults:2)
  12 phantoms
  49 orc warriors
  18 water moccasins
  58 hell hounds
  6 spiny frog skeletons
  5 eyes of draining
  3 snapping turtle zombies
  4 black bears
  A manticore zombie (Geh:6)
  4 snapping turtle skeletons
  14 wasps
  62 ogres
  6 boggarts
  21 crocodiles
  3 swamp dragon skeletons
  2 big kobolds
  An eye of draining (shapeshifter) (Vaults:5)
  19 centaurs
  2 manticore skeletons
  An elf zombie (Geh:7)
  Blork the orc (D:5)
  28 giant frogs
  A dryad zombie (Crypt:1)
  A brain worm (Abyss:1)
  A komodo dragon skeleton (Crypt:1)
  A draconian skeleton (Crypt:2)
  A spiny frog simulacrum (Coc:1)
  10 human skeletons
  4 scorpions
  A snapping turtle simulacrum (Coc:7)
  3 electric eels (Lair:8)
  A troll zombie (Crypt:3)
  64 wights
  An elf simulacrum (Vaults:2)
  13 killer bees
  A polar bear skeleton (Crypt:2)
  A troll skeleton (Crypt:2)
  12 crimson imps
  2 swamp dragon simulacra (Coc:7)
  29 orc wizards
  4 quasits
  A giant frog zombie (D:10)
  5 hounds
  2 human zombies
  35 starcursed masses
  A demonspawn zombie (Crypt:2)
  27 orc priests
  Ijyb (D:3)
  A giant frog skeleton (D:9)
  21 jellies
  4 centaur skeletons
  9 iguanas
  Terence (D:2)
  Natasha (thrice) (D:2)
  A demonspawn skeleton (Crypt:3)
  5 iron imps
  13 worker ants
  A killer bee zombie (D:7)
  29 sheep
  A naga zombie (Tomb:3)
  A crocodile skeleton (Crypt:3)
  An ogre skeleton (Geh:7)
  A dwarf skeleton (Crypt:2)
  57 mummies
  A hound zombie (D:6)
  A hound skeleton (D:11)
  4 gnolls (D:2)
  2 worker ant zombies
  44 river rats
  17 adders
  A steam dragon skeleton (Crypt:1)
  21 white imps
  15 shadow imps
  10 ufetubi
  6 oozes
  3 adder skeletons
  2 adder zombies (D:7)
  8 worms
  3 giant geckos
  190 orcs
  3 ball pythons
  9 bats
  A bat skeleton (D:4)
  A bat zombie (D:5)
  10 hobgoblins
  14 jackals
  10 quokkas
  A ball python skeleton (Crypt:3)
  4 giant cockroaches
  3 giant gecko skeletons
  6 giant newts
  A giant newt zombie (Crypt:3)
  19 goblins
  A hobgoblin zombie (Crypt:1)
  A jackal skeleton (D:9)
  28 kobolds
  A kobold zombie (Tar:4)
  2 lurking horrors (Abyss:3)
  15 rats
  A river rat skeleton (Crypt:2)
  4 crawling corpses
  17 fungi
  13 plants
  11 starspawn tentacles
  8 tentacles
4805 creatures vanquished.

Vanquished Creatures (collateral kills)
  An azure jelly (Slime:6)
1 creature vanquished.

Vanquished Creatures (others)
  2 eldritch tentacles
  A revenant (Tomb:2)
  A very ugly thing (Depths:2)
  A reaper (Geh:7)
  A bennu (Tomb:2)
  3 ogre magi (Vaults:5)
  A yaktaur captain (Depths:4)
  A deep elf high priest (Elf:3)
  A deep elf knight (Vaults:3)
  2 ironbrand convokers (Vaults:5)
  A necromancer (Depths:2)
  A fire giant zombie (Depths:2)
  An ugly thing (Depths:2)
  A fire giant skeleton (Tomb:3)
  A yaktaur (Vaults:5)
  A guardian mummy (Tomb:2)
  4 fire vortices
  A redback (Spider:3)
  14 flying skulls
  A deep elf fighter (Vaults:1)
  2 wraiths
  A spiny frog skeleton (Tomb:2)
  2 ogres
  An orc warrior (Vaults:4)
  A boggart (Depths:1)
  A spriggan simulacrum (Depths:2)
  A spiny frog simulacrum (Abyss:3)
  A wight (Abyss:3)
  An orc priest (Vaults:5)
  2 orc wizards
  7 mummies
  252 eldritch tentacle segments
  3 fungi
  4 lost souls
  4 plants
  11 starspawn tentacles
  60 starspawn tentacle segments
  16 tentacles
  344 tentacle segments
754 creatures vanquished.

Grand Total: 5560 creatures vanquished

Notes
Turn   | Place    | Note
--------------------------------------------------------------
     0 | D:1      | abixa the Minotaur Gladiator began the quest for the Orb.
     0 | D:1      | Reached XP level 1. HP: 18/18 MP: 0/0
   129 | D:1      | Reached skill level 4 in Axes
   137 | D:1      | Reached XP level 2. HP: 25/25 MP: 1/1
   404 | D:1      | Reached skill level 5 in Axes
   594 | D:2      | Noticed Terence
   611 | D:2      | Killed Terence
   611 | D:2      | Reached XP level 3. HP: 30/30 MP: 2/2
   708 | D:2      | Reached XP level 4. HP: 22/37 MP: 3/3
   759 | D:2      | Noticed Natasha
   765 | D:2      | Reached skill level 6 in Axes
  1009 | D:2      | Killed Natasha
  1050 | D:2      | Reached XP level 5. HP: 29/42 MP: 4/4
  1100 | D:2      | Reached skill level 7 in Axes
  1263 | D:2      | Noticed Natasha
  1268 | D:2      | Killed Natasha
  1872 | D:2      | Noticed Natasha
  1875 | D:2      | Killed Natasha
  1976 | D:3      | Noticed Grinder
  2353 | D:3      | Found an opulent altar of Gozag.
  2354 | D:3      | Found a sacrificial altar of Ru.
  2380 | D:3      | Found an iron altar of Okawaru.
  2389 | D:3      | Reached skill level 8 in Axes
  2397 | D:3      | Became a worshipper of Warmaster Okawaru
  2465 | D:3      | Paralysed by Grinder for 7 turns
  2481 | D:3      | Killed Grinder
  2481 | D:3      | Reached skill level 9 in Axes
  2481 | D:3      | Reached XP level 6. HP: 16/50 MP: 5/5
  2944 | D:3      | Noticed Ijyb
  2954 | D:3      | Killed Ijyb
  3372 | D:4      | Reached XP level 7. HP: 56/56 MP: 6/6
  3389 | D:4      | Reached skill level 10 in Axes
  3589 | D:4      | Found a radiant altar of Vehumet.
  3677 | D:4      | Found an ancient bone altar of Kikubaaqudgha.
  3778 | D:4      | Found Sisamauv's Distillery.
  3783 | D:4      | Bought a potion of lignification for 36 gold pieces
  4253 | D:5      | Entered Level 5 of the Dungeon
  4259 | D:5      | Found a blossoming altar of Fedhas.
  4305 | D:5      | Found a shattered altar of Ashenzari.
  4462 | D:5      | Reached skill level 11 in Axes
  4479 | D:5      | Acquired Okawaru's first power
  4534 | D:5      | Reached XP level 8. HP: 58/62 MP: 7/7
  4567 | D:5      | Found a glowing silver altar of Zin.
  4568 | D:5      | Found a snail-covered altar of Cheibriados.
  4572 | D:5      | Found a deep blue altar of Sif Muna.
  4612 | D:5      | Noticed Blork the orc
  4626 | D:5      | Killed Blork the orc
  4794 | D:5      | Reached skill level 12 in Axes
  4827 | D:5      | Found a stormy altar of Qazlal.
  4830 | D:5      | Reached skill level 1 in Armour
  5316 | D:6      | Reached skill level 5 in Armour
  5701 | D:6      | Found a staircase to the Ecumenical Temple.
  5707 | Temple   | Entered the Ecumenical Temple
  5796 | D:7      | Reached skill level 1 in Invocations
  5804 | D:7      | Reached XP level 9. HP: 29/68 MP: 8/8
  5806 | D:7      | Reached skill level 5 in Dodging
  5929 | D:7      | Found a burning altar of Makhleb.
  5995 | D:7      | Found Owkimybu's Armour Emporium.
  6612 | D:8      | Noticed Psyche
  6620 | D:8      | Killed Psyche
  7076 | D:8      | Found a white marble altar of Elyvilon.
  7149 | D:8      | Found a bloodstained altar of Trog.
  7235 | D:8      | Found Ahowefal's Magic Scroll Emporium.
  7239 | D:8      | Bought a scroll of random uselessness for 13 gold pieces
  7239 | D:8      | Bought a scroll of identify for 26 gold pieces
  7873 | D:9      | Reached XP level 10. HP: 80/80 MP: 9/9
  7878 | D:9      | Noticed Maurice
  8035 | D:9      | Received a gift from Okawaru
  8072 | D:9      | Reached skill level 5 in Fighting
  8325 | D:9      | Found a staircase to the Lair.
  8331 | Lair:1   | Entered Level 1 of the Lair of Beasts
  8561 | Lair:1   | Reached skill level 13 in Axes
  8612 | Lair:1   | Noticed Nergalle
  9879 | Lair:3   | Acquired Okawaru's second power
 10882 | Lair:3   | Reached XP level 11. HP: 94/94 MP: 10/10
 11175 | Lair:3   | You fall through a shaft for 3 floors!
 11461 | Lair:6   | Reached skill level 10 in Armour
 11747 | Lair:6   | Noticed a death yak
 11755 | Lair:6   | Noticed a death yak
 11756 | Lair:6   | Noticed a death yak
 11757 | Lair:6   | Noticed a death yak
 11758 | Lair:6   | Noticed a death yak
 11787 | Lair:5   | Reached skill level 14 in Axes
 12806 | Lair:4   | Found a staircase to the Shoals.
 13230 | Lair:1   | Received a gift from Okawaru
 13699 | D:10     | Entered Level 10 of the Dungeon
 13801 | D:10     | Noticed Josephine
 13866 | D:10     | Killed Josephine
 14009 | D:10     | Noticed Gastronok
 14061 | D:10     | Reached skill level 10 in Fighting
 14269 | D:10     | Reached skill level 15 in Axes
 14295 | D:10     | Noticed Fannar
 14678 | D:10     | Found a bloodstained altar of Trog.
 14978 | D:10     | Killed Fannar
 15049 | D:9      | Reached XP level 12. HP: 56/106 MP: 12/12
 15687 | D:10     | Killed Gastronok
 16003 | D:11     | Received a gift from Okawaru
 16767 | D:11     | Noticed an eight-headed hydra
 17240 | D:12     | Reached skill level 16 in Axes
 17243 | D:12     | Reached skill level 5 in Invocations
 17410 | D:12     | Found Modusuvu's Weapon Shoppe.
 17429 | D:12     | Found a staircase to the Orcish Mines.
 17852 | Lair:1   | Killed Nergalle
 18069 | Lair:1   | Noticed a five-headed hydra
 18273 | Orc:1    | Entered Level 1 of the Orcish Mines
 18359 | Orc:1    | Found a bloodstained altar of Trog.
 18501 | Orc:2    | Noticed Harold
 18538 | Orc:1    | Killed Harold
 19160 | Orc:2    | Noticed Erolcha
 19490 | D:7      | Bought the +9 armour of the Dragon King {rPois rF+ rC+ MR+} for 1372 gold pieces
 19706 | Orc:3    | Found Beacahoj's Book Emporium.
 19743 | Orc:3    | Found a staircase to the Elven Halls.
 19818 | Orc:3    | Reached XP level 13. HP: 113/113 MP: 16/16
 20098 | Orc:4    | Entered Level 4 of the Orcish Mines
 20161 | Orc:3    | Received a gift from Okawaru
 20266 | Orc:4    | Noticed Snorg
 20300 | Orc:4    | Killed Snorg
 20300 | Orc:4    | Received a gift from Okawaru
 20301 | Orc:4    | Got a pair of faintly humming gloves {god gift}
 20640 | Orc:4    | Noticed Charly's ghost (powerful DsAs)
 20673 | Orc:4    | Reached skill level 17 in Axes
 20954 | Orc:4    | Killed Charly's ghost
 21941 | Orc:4    | Noticed an orc warlord
 21978 | Orc:4    | Found a roughly hewn altar of Beogh.
 22201 | Orc:4    | Found Pailayt's Antique Weapon Shoppe.
 22257 | Orc:4    | Killed an orc warlord
 22263 | Orc:4    | Found Zomuokea's General Store.
 22299 | Orc:4    | Found Sotrazer's Antique Armour Shoppe.
 22448 | Orc:4    | Found Esuludgh's Jewellery Shoppe.
 22677 | Orc:2    | Killed Erolcha
 22809 | Orc:2    | Reached skill level 15 in Armour
 22883 | Orc:1    | Found a burning altar of Makhleb.
 23311 | D:8      | Bought a scroll of identify for 26 gold pieces
 23311 | D:8      | Bought a scroll of identify for 26 gold pieces
 23311 | D:8      | Identified the +1 pair of gloves of Altruism {rN+ Str+3 SInv} (Okawaru gifted it to you on level 4 of the Orcish Mines)
 23482 | D:4      | Bought a potion of experience for 600 gold pieces
 23482 | D:4      | Reached skill level 18 in Axes
 23482 | D:4      | Reached XP level 14. HP: 119/122 MP: 17/17
 24087 | D:13     | Received a gift from Okawaru
 24180 | D:13     | Found a gate to the Vaults.
 25025 | Lair:4   | Found a hole to the Spider Nest.
 25394 | Lair:5   | Reached XP level 15. HP: 107/128 MP: 18/18
 25592 | Lair:5   | Reached skill level 19 in Axes
 26201 | Lair:6   | Received a gift from Okawaru
 26207 | Lair:6   | Killed a death yak
 26220 | Lair:6   | Killed a death yak
 26224 | Lair:6   | Killed a death yak
 26225 | Lair:6   | Killed a death yak
 26232 | Lair:6   | Killed a death yak
 28040 | Lair:8   | Entered Level 8 of the Lair of Beasts
 28040 | Lair:8   | Found a staircase to the Slime Pits.
 28045 | Lair:8   | Received a gift from Okawaru
 28561 | Lair:8   | Received a gift from Okawaru
 28828 | Lair:8   | Received a gift from Okawaru
 28917 | Lair:8   | Got a scorched ruby amulet
 28918 | Lair:8   | Identified the amulet "Ixydyate" {Inacc rElec rF+ Str+4 Dex+2} (You found it on level 8 of the Lair of Beasts)
 28998 | Lair:8   | Reached skill level 20 in Axes
 29057 | Lair:8   | Identified the Incunabulum of the Creative Oath
 29743 | D:13     | Reached XP level 16. HP: 92/144 MP: 17/19
 30243 | D:13     | Noticed Nessos
 30267 | D:13     | Received a gift from Okawaru
 30269 | D:13     | Killed Nessos
 31372 | D:15     | Entered Level 15 of the Dungeon
 31734 | D:15     | Found a staircase to the Depths.
 32217 | D:15     | Received a gift from Okawaru
 32996 | Spider:1 | Entered Level 1 of the Spider Nest
 33320 | Spider:1 | Received a gift from Okawaru
 33353 | Spider:1 | Reached skill level 21 in Axes
 34110 | Spider:2 | Received a gift from Okawaru
 34364 | Spider:2 | Reached skill level 15 in Fighting
 34900 | Spider:2 | Reached XP level 17. HP: 156/156 MP: 20/20
 35644 | Spider:3 | Received a gift from Okawaru
 35800 | Spider:3 | Got a twisted war axe {god gift}
 36144 | Spider:4 | Entered Level 4 of the Spider Nest
 36242 | Spider:4 | Noticed Aizul
 36522 | Spider:4 | Killed Aizul
 36802 | Spider:4 | Received a gift from Okawaru
 38087 | Spider:3 | Reached skill level 22 in Axes
 38224 | Spider:4 | Received a gift from Okawaru
 39096 | Spider:4 | Got a gossamer rune of Zot
 39484 | Shoals:1 | Entered Level 1 of the Shoals
 39747 | Shoals:1 | Received a gift from Okawaru
 39825 | Shoals:1 | Reached XP level 18. HP: 141/169 MP: 18/21
 40682 | Shoals:2 | Received a gift from Okawaru
 41392 | Shoals:3 | Noticed Polyphemus
 41421 | Shoals:3 | Killed Polyphemus
 41826 | Shoals:3 | Found Oschuq's Assorted Antiques.
 41836 | Shoals:3 | Bought a potion of curing for 99 gold pieces
 41836 | Shoals:3 | Bought a marble ring for 165 gold pieces
 41836 | Shoals:3 | Bought a scroll of identify for 66 gold pieces
 41840 | Shoals:3 | Identified the +8 war axe "Ibruor" {venom, +Inv +Fly Int+3 Dex-2} (Okawaru gifted it to you on level 3 of the Spider Nest)
 41987 | Shoals:4 | Entered Level 4 of the Shoals
 41987 | Shoals:4 | Noticed Jorgrun
 42001 | Shoals:4 | Killed Jorgrun
 42001 | Shoals:4 | Received a gift from Okawaru
 42015 | Shoals:4 | Found a flickering gateway to a bazaar.
 42042 | Bazaar   | Entered a bazaar
 42042 | Bazaar   | Found Anwouloa's Antique Armour Emporium.
 42055 | Bazaar   | Found Gaseadai's Gadget Shop.
 42072 | Bazaar   | Found Kameing's Weapon Emporium.
 42081 | Bazaar   | Found Iwaq's Food Boutique.
 42114 | Bazaar   | Bought a phantom mirror for 390 gold pieces
 42114 | Bazaar   | Bought a wand of heal wounds (3) for 546 gold pieces
 42193 | Shoals:4 | Reached skill level 23 in Axes
 42227 | Shoals:4 | Noticed Ilsuiw
 42279 | Shoals:4 | Killed Ilsuiw
 42540 | Shoals:4 | Noticed Louise
 42563 | Shoals:4 | Killed Louise
 42638 | Shoals:4 | Received a gift from Okawaru
 43815 | Shoals:4 | Got a barnacled rune of Zot
 43977 | Shoals:4 | Reached XP level 19. HP: 161/181 MP: 19/22
 45012 | D:11     | Killed a ten-headed hydra
 45089 | Vaults:1 | Entered Level 1 of the Vaults
 45089 | Vaults:1 | Found Zoohemea's Book Emporium.
 45267 | Vaults:1 | Received a gift from Okawaru
 45662 | Vaults:1 | Noticed Norris
 45677 | Vaults:1 | Killed Norris
 45700 | Vaults:1 | Received a gift from Okawaru
 46239 | Vaults:1 | Got a warped battleaxe {god gift}
 46692 | Vaults:1 | Received a gift from Okawaru
 46695 | Vaults:1 | Got a pair of ichor-stained boots {god gift}
 47089 | Vaults:1 | Identified the +9 battleaxe "Vabotz" {chop, rPois MP+9} (Okawaru gifted it to you on level 1 of the Vaults)
 47091 | Vaults:1 | Identified the -3 pair of boots of the Swan {Dex-4 Slay+2 SInv} (Okawaru gifted it to you on level 1 of the Vaults)
 47877 | Vaults:2 | Reached XP level 20. HP: 194/200 MP: 21/23
 48013 | Vaults:2 | Received a gift from Okawaru
 48186 | Vaults:2 | Received a gift from Okawaru
 48205 | Vaults:2 | Got a smoking scale mail {god gift}
 49373 | Vaults:3 | Received a gift from Okawaru
 49384 | Vaults:3 | Reached skill level 1 in Evocations
 49813 | Vaults:3 | Found a staircase to the Crypt.
 50653 | Elf:1    | Entered Level 1 of the Elven Halls
 50772 | Elf:1    | Reached skill level 5 in Evocations
 51600 | Elf:2    | Noticed Azrael
 51728 | Elf:2    | Killed Azrael
 52087 | Elf:2    | Found a runed door.
 52096 | Elf:2    | Found a runed door.
 52129 | Elf:2    | Reached XP level 21. HP: 203/211 MP: 23/26
 52608 | Elf:2    | Noticed Nikola
 52653 | Elf:2    | Killed Nikola
 52907 | Elf:2    | Received a gift from Okawaru
 52984 | Elf:3    | Entered Level 3 of the Elven Halls
 52987 | Elf:3    | Reached skill level 10 in Evocations
 53234 | Elf:3    | Received a gift from Okawaru
 53510 | Elf:3    | Found Puajaps's Weapon Emporium.
 53639 | Elf:3    | Received a gift from Okawaru
 54491 | Elf:3    | Identified Vehumet's Incunabulum of Conjuration (You found it on level 3 of the Elven Halls)
 54500 | Elf:3    | Got a translucent broad axe
 54581 | Elf:3    | Got a faintly glowing brass ring
 54593 | Elf:3    | Got an ebony broad axe
 54625 | Elf:3    | Got a faintly glowing battleaxe
 55619 | Vaults:4 | Received a gift from Okawaru
 55729 | Vaults:4 | Identified the ring "Qydghes" {*Confuse rElec rF+ Str+3 Dex+5} (You found it on level 3 of the Elven Halls)
 55825 | Vaults:4 | Lost intelligence.
 56114 | Vaults:4 | Noticed Mennas
 56124 | Vaults:4 | Killed Mennas
 56124 | Vaults:4 | Received a gift from Okawaru
 56124 | Vaults:4 | Reached XP level 22. HP: 202/220 MP: 28/31
 56165 | Vaults:4 | Noticed Boris
 56188 | Vaults:4 | Killed Boris
 56740 | Vaults:4 | Reached skill level 15 in Evocations
 56822 | Vaults:4 | Received a gift from Okawaru
 57216 | Depths:1 | Entered Level 1 of the Depths
 57231 | Depths:1 | Noticed Saint Roka
 57256 | D:15     | Killed Saint Roka
 57836 | Depths:1 | Found a gateway to Hell.
 57843 | Depths:1 | Noticed Asterion
 57843 | Depths:1 | Found a runed door.
 57857 | Depths:1 | Killed Asterion
 58184 | Depths:1 | Received a gift from Okawaru
 58197 | Depths:1 | Got a faintly glowing cloak {god gift}
 58198 | Depths:1 | Identified the +0 cloak of Forking Paths {Str+2 Int+2 Dex+3 Slay+5} (Okawaru gifted it to you on level 1 of the Depths)
 59378 | Depths:2 | Found a one-way gate leading to the halls of Pandemonium.
 59544 | Depths:2 | Received a gift from Okawaru
 59563 | Depths:2 | Reached XP level 23. HP: 197/226 MP: 30/34
 59850 | Depths:3 | Received a gift from Okawaru
 59982 | Depths:3 | Received a gift from Okawaru
 60580 | Depths:3 | Found a burning altar of Makhleb.
 60589 | Depths:3 | Received a gift from Okawaru
 60621 | Depths:3 | Found a one-way gate to the infinite horrors of the Abyss.
 60684 | Depths:3 | Received a gift from Okawaru
 60928 | Depths:3 | Noticed Frederick
 60938 | Depths:3 | Killed Frederick
 62255 | D:9      | Killed Maurice
 63256 | Depths:4 | Received a gift from Okawaru
 63270 | Depths:4 | Got an amber-encrusted crystal plate armour {god gift}
 63289 | Depths:4 | Identified the +6 crystal plate armour "Hihaosoarph" {rPois rF- Regen+ Int+8} (Okawaru gifted it to you on level 4 of the Depths)
 63853 | Depths:4 | Reached XP level 24. HP: 173/235 MP: 30/36
 64536 | Depths:5 | Entered Level 5 of the Depths
 64556 | Depths:5 | Received a gift from Okawaru
 64833 | Depths:5 | Found a gateway to a ziggurat.
 64883 | Depths:5 | Received a gift from Okawaru
 64911 | Depths:5 | Noticed the Enchantress
 65647 | Depths:5 | Found a gate to the Realm of Zot.
 66025 | Depths:5 | Got a warped broad axe {god gift}
 66120 | Depths:4 | Killed the Enchantress
 66120 | Depths:4 | Received a gift from Okawaru
 66127 | Depths:4 | Identified the +1 broad axe of Doinuuma {chop, Int+3} (Okawaru gifted it to you on level 5 of the Depths)
 66544 | Vaults:5 | Entered Level 5 of the Vaults
 67899 | Vaults:5 | Received a gift from Okawaru
 68075 | Vaults:4 | Reached XP level 25. HP: 218/243 MP: 36/37
 69323 | Vaults:4 | Got a brightly glowing ruby amulet
 69418 | Vaults:4 | Received a gift from Okawaru
 70183 | Vaults:5 | Reached skill level 24 in Evocations
 70607 | Vaults:5 | Reached skill level 10 in Dodging
 70891 | Vaults:5 | Received a gift from Okawaru
 70895 | Vaults:5 | Got a pair of scorched gloves {god gift}
 70896 | Vaults:5 | Identified the amulet of Jibay {Gourm Int+10} (You took it off a yaktaur on level 4 of the Vaults)
 70898 | Vaults:5 | Identified the +1 pair of gloves of Leapfrog {rC+ MR+ Regen+ Str+3} (Okawaru gifted it to you on level 5 of the Vaults)
 71532 | Vaults:5 | Got a silver rune of Zot
 71762 | Vaults:5 | Got a pitted blowgun
 71806 | Vaults:5 | Identified the +8 blowgun of Defence by Offence {evade, *Drain rC+ Str-2 Int+6} (You took it off a vault warden on level 5 of the Vaults)
 72187 | Hell     | Entered the Vestibule of Hell
 72371 | Hell     | Noticed Murray
 72390 | Hell     | Killed Murray
 72448 | Hell     | Noticed Geryon
 72766 | Crypt:1  | Entered Level 1 of the Crypt
 73317 | Crypt:1  | Received a gift from Okawaru
 73681 | Crypt:1  | Reached XP level 26. HP: 186/250 MP: 36/38
 73955 | Crypt:1  | Reached skill level 15 in Dodging
 75291 | Crypt:3  | Entered Level 3 of the Crypt
 75444 | Crypt:3  | Found a staircase to the Tomb.
 75721 | Crypt:3  | Received a gift from Okawaru
 75956 | Crypt:3  | Found a shimmering altar of Xom.
 76137 | Crypt:3  | Identified Sif Muna's Guide on Damage Dealing and Enchantment
 77274 | Hell     | Received a gift from Okawaru
 77278 | Hell     | Killed Geryon
 77907 | Lair:3   | Noticed a six-headed hydra
 77912 | Lair:3   | Killed a ten-headed hydra
 78035 | Slime:1  | Entered Level 1 of the Pits of Slime
 78235 | Slime:6  | Entered Level 6 of the Pits of Slime
 78494 | Slime:6  | Found a viscous altar of Jiyva.
 78511 | Slime:6  | Reached XP level 27. HP: 258/258 MP: 38/38
 78516 | Slime:6  | Noticed the royal jelly
 78527 | Slime:6  | Killed the royal jelly
 78527 | Slime:6  | Received a gift from Okawaru
 78720 | Slime:6  | Got a slimy rune of Zot
 78836 | Slime:6  | Got a sparkling zirconium amulet
 78869 | Slime:6  | Identified Yseoh's Disquisition on Torrid Conjuration
 79167 | Lair:2   | Identified the amulet of Guowaump {Faith Int+4} (You found it on level 6 of the Pits of Slime)
 79174 | Lair:2   | Identified the +9 battleaxe of the Dozen Beds {freeze, rF+} (You found it on level 3 of the Elven Halls)
 79180 | Lair:2   | Identified a +4 rod of inaccuracy (13/13) (You found it on level 6 of the Pits of Slime)
 79182 | Lair:2   | Identified the +8 broad axe of the Elven Halls {elec, rElec rPois Str-4 Stlth+} (You found it on level 3 of the Elven Halls)
 79184 | Lair:2   | Identified the +1 broad axe "Tormentor" {holy, Dex+4} (You found it on level 3 of the Elven Halls)
 79637 | Hell     | Found a gateway to the decaying netherworld of Tartarus.
 79681 | Hell     | Found a gateway to the ashen valley of Gehenna.
 79767 | Hell     | Found a gateway to the Iron City of Dis.
 79837 | Hell     | Found a gateway to the freezing wastes of Cocytus.
 80133 | Depths:3 | Voluntarily entered the Abyss.
 80267 | Abyss:1  | Found a snail-covered altar of Cheibriados.
 80648 | Abyss:1  | Paralysed by you for 4 turns
 81000 | Abyss:1  | Lost intelligence.
 81957 | Abyss:3  | Received a gift from Okawaru
 82153 | Abyss:3  | Found a corrupted altar of Lugonu.
 82168 | Abyss:3  | Found a corrupted altar of Lugonu.
 82368 | Abyss:3  | Gained mutation: Scrolls take you a little longer to read. [a neqoxec]
 82485 | Abyss:3  | Reached skill level 25 in Axes
 82515 | Abyss:3  | Found an iron altar of Okawaru.
 82899 | Abyss:3  | Got an abyssal rune of Zot
 82911 | Abyss:3  | Received a gift from Okawaru
 82912 | Abyss:3  | Got a warped battleaxe {god gift}
 83080 | Abyss:3  | Found a corrupted altar of Lugonu.
 83083 | Abyss:3  | Found a corrupted altar of Lugonu.
 83104 | Abyss:3  | Found a corrupted altar of Lugonu.
 83225 | Depths:3 | Escaped the Abyss
 83251 | Hell     | Identified the +1 battleaxe "Noteil" {speed, rPois Int+2} (Okawaru gifted it to you on level 3 of the Abyss)
 83355 | Depths:3 | Reached skill level 26 in Axes
 83955 | Hell     | Upgraded the game from 0.17-a0-1397-g0eee0a3 to 0.17-a0-1399-gd5b76e1
 84185 | Vaults:2 | Identified a +3 rod of destruction (10/10) (You took it off a vampire knight on level 3 of the Crypt)
 85449 | Vaults:5 | Reached skill level 1 in Crossbows
 86244 | Tomb:1   | Entered Level 1 of the Tomb of the Ancients
 86276 | Tomb:1   | Noticed Xoff's ghost (great GrFi)
 86306 | Tomb:1   | Killed Xoff's ghost
 86485 | Tomb:1   | Reached skill level 5 in Crossbows
 87249 | Tomb:1   | Received a gift from Okawaru
 87252 | Tomb:1   | Got a crude battleaxe {god gift}
 87397 | Tomb:1   | Learned a level 1 spell: Apportation
 87399 | Tomb:1   | Learned a level 1 spell: Summon Butterflies
 87433 | Tomb:1   | Reached skill level 10 in Crossbows
 88945 | Tomb:1   | Received a gift from Okawaru
 89037 | Tomb:1   | Received a gift from Okawaru
 89314 | Tomb:2   | Learned a level 2 spell: Swiftness
 89791 | Tomb:2   | Lost mutation: Scrolls take you a little longer to read. [potion of cure mutation]
 89792 | Tomb:2   | Gained mutation: You have a pair of large horns on your head. [potion of beneficial mutation]
 90946 | Tomb:1   | Received a gift from Okawaru
 90946 | Tomb:1   | Reached skill level 15 in Crossbows
 91003 | Tomb:1   | Lost intelligence.
 91427 | Depths:1 | Received a gift from Okawaru
 92170 | Geh:1    | Entered Level 1 of Gehenna
 93897 | Geh:6    | Received a gift from Okawaru
 94139 | Geh:6    | Received a gift from Okawaru
 94160 | Geh:7    | Entered Level 7 of Gehenna
 94355 | Geh:7    | Received a gift from Okawaru
 94384 | Geh:7    | Received a gift from Okawaru
 94524 | Geh:7    | Gained mutation: Your body sometimes deteriorates upon taking damage. [mutagenic glow]
 95391 | Geh:7    | Identified a +1 pair of boots of running (Okawaru gifted it to you on level 7 of Gehenna)
 95506 | Geh:7    | Noticed Asmodeus
 95525 | Geh:7    | Killed Asmodeus
 95539 | Geh:7    | Got an obsidian rune of Zot
 96263 | Depths:1 | Received a gift from Okawaru
 96945 | Tomb:1   | Received a gift from Okawaru
 97340 | Tomb:1   | Received a gift from Okawaru
 98250 | Tomb:3   | Entered Level 3 of the Tomb of the Ancients
 98281 | Tomb:2   | Received a gift from Okawaru
 98358 | Tomb:2   | Received a gift from Okawaru
 98360 | Tomb:2   | Got a scorched cloak {god gift}
 98363 | Tomb:2   | Identified the -1 cloak of the Beginning {Slay+3 Stlth+} (Okawaru gifted it to you on level 2 of the Tomb of the Ancients)
 99430 | Tomb:3   | Noticed Khufu
 99908 | Tomb:3   | Noticed an ancient lich
100105 | Tomb:3   | Gained mutation: You are dopey. (Int -2) [a neqoxec]
100208 | Tomb:2   | Killed Khufu
100427 | Tomb:3   | Killed an ancient lich
101142 | Tomb:3   | Got an encrusted battleaxe
101146 | Tomb:3   | Identified the +6 battleaxe "Vycubef" {speed, rElec rC- Str+2 Int+5} (You found it on level 3 of the Tomb of the Ancients)
101243 | Tomb:3   | Identified the Catalogue of Heat and Combat Magic
101268 | Tomb:3   | Identified Myodeucic's Almanac of Sinister Arts
101310 | Tomb:3   | Identified Susisiam's Guide on Attacks and Poison (You found it on level 3 of the Tomb of the Ancients)
101326 | Tomb:3   | Got a steaming bronze ring
101327 | Tomb:3   | Identified the ring of the Princess {*Drain +Fly rPois Int+2 Stlth-} (You found it on level 3 of the Tomb of the Ancients)
101412 | Tomb:3   | Got a golden rune of Zot
102279 | Tar:1    | Entered Level 1 of Tartarus
102406 | Tar:2    | Received a gift from Okawaru
103281 | Tar:3    | Noticed an ancient lich
103348 | Tar:3    | Killed an ancient lich
103557 | Tar:3    | Gained mutation: You tend to lose your temper in combat. [mutagenic glow]
103866 | Tar:5    | Gained mutation: You have sharp fingernails. [mutagenic glow]
103890 | Tar:5    | You fall through a shaft!
103986 | Tar:7    | Entered Level 7 of Tartarus
104057 | Tar:7    | Received a gift from Okawaru
104100 | Tar:7    | Noticed an ancient lich
104108 | Tar:7    | Killed an ancient lich
104125 | Tar:7    | Noticed an ancient lich
104130 | Tar:7    | Killed an ancient lich
104148 | Tar:7    | Identified Sif Muna's Handbook of Ashen Shape Shifting
104968 | Tar:7    | Got a warped amber ring
104970 | Tar:7    | Identified the ring of Zavuapn {+Blink Str+4 SInv Stlth+} (You found it on level 7 of Tartarus)
105037 | Tar:7    | Noticed an ancient lich
105049 | Tar:7    | Killed an ancient lich
105127 | Tar:7    | Noticed an ancient lich
105141 | Tar:7    | Killed an ancient lich
105232 | Tar:7    | Received a gift from Okawaru
105254 | Tar:7    | Noticed Ereshkigal
105266 | Tar:7    | Noticed an ancient lich
105273 | Tar:7    | Killed an ancient lich
105273 | Tar:7    | Received a gift from Okawaru
105727 | Tar:7    | Received a gift from Okawaru
106137 | Tar:7    | Received a gift from Okawaru
106270 | Tar:7    | Received a gift from Okawaru
106461 | Tar:7    | Lost intelligence.
106468 | Tar:7    | Lost mutation: You have a pair of large horns on your head. [potion of cure mutation]
106468 | Tar:7    | Lost mutation: You have sharp fingernails. [potion of cure mutation]
106468 | Tar:7    | Lost mutation: You tend to lose your temper in combat. [potion of cure mutation]
106767 | Tar:7    | Killed Ereshkigal
106767 | Tar:7    | Received a gift from Okawaru
106790 | Tar:7    | Got a bone rune of Zot
107041 | Coc:1    | Entered Level 1 of Cocytus
107769 | Coc:4    | Received a gift from Okawaru
107865 | Coc:6    | Received a gift from Okawaru
107866 | Coc:6    | Got a smoking battleaxe {god gift}
107882 | Coc:6    | Identified the +6 battleaxe "Ogreslayer" {chop, rC+ rN+ Str-2} (Okawaru gifted it to you on level 6 of Cocytus)
107984 | Coc:7    | Entered Level 7 of Cocytus
108336 | Coc:7    | Received a gift from Okawaru
108339 | Coc:7    | Got a pair of twisted gloves {god gift}
108971 | Coc:7    | Noticed Antaeus
108991 | Coc:7    | HP: 1/246 [Antaeus (18)]
108992 | Coc:7    | Killed from afar by an Ice Fiend

Vault maps used:
D:1:      dpeg_arrival_tiny_i, st_stairs_3
D:2:      uniq_natasha, uniq_terence
D:3:      gammafunk_temple_overflow_statue, okawaru_gym_becter, uniq_iyjb,
          uniq_grinder
D:4:      kiku_gazebo_garden_becter, nicolae_overflow_crystal_walls,
          serial_shops, kennysheep_little_box
D:5:      minitemple, fedhas_altar_1, ashenzari_altar_1, lemuel_round_altar,
          first_bread, uniq_blork_the_orc
D:6:      temple_green
D:7:      old_standard_altar, serial_shops, shop
D:8:      kennysheep_steamy, kennysheep_mini, lemuel_crystal_altar,
          serial_shops, nicolae_shop_crystal, uniq_psyche
D:9:      lair_0_dummy, uniq_maurice
D:10:     basic_altar, special_room, uniq_josephine, uniq_gastronok, uniq_fannar
D:12:     orc_david_3
D:13:     lightli_vaults_fourway_checkpoint, kennysheep_generic_room_14,
          uniq_nessos
D:14:     hangedman_stone_soup, hangedman_decor_lopped, minmay_librarian
D:15:     grunt_enter_depths_hoard, grunt_decor_resistance
Temple:   circular_temple_6
Lair:1:   uniq_nergalle
Lair:4:   minmay_shoals_entry_beasts, spider_nest_entry_funnel_web,
          disabler_island
Lair:5:   grunt_megastairs_3, lemuel_fruit_tree, infiniplex_staircase_pool_2
Lair:7:   infiniplex_staircase_pool
Lair:8:   minmay_lair_end_frog_pond, minmay_slime_entry_pillars
Shoals:1: nicolae_shoals_flooded_hall
Shoals:3: serial_shops, nicolae_shop_trees, uniq_polyphemus
Shoals:4: serial_shops, bzr_entry_dummy, shoals_end_simple, shoal_ilsuiw,
          uniq_louise, uniq_jorgrun
Spider:2: guppyfry_wasp_nest
Spider:4: grunt_spider_rune_parallel, nicolae_spider_webbed_stairs, uniq_aizul
Slime:5:  nicolae_slime_phagocytosis
Orc:1:    basic_altar, trog_butcher_becter
Orc:2:    minmay_orc_barracks, uniq_harold, uniq_erolcha
Orc:3:    serial_shops, nicolae_shop_trees, nicolae_orc_pool_cavern
Orc:4:    grunt_orc_cross, uniq_snorg
Elf:1:    hangedman_elf_represent, roderic_roman_lattice,
          hangedman_elven_crosses_minicolossus
Elf:2:    uniq_azrael, uniq_nikola
Elf:3:    minmay_elf_hall_quartered_circle, serial_shops, shop
Vaults:1: vaults_room_grunt_arrival_ludios, v_misc_16, nicolae_vaults_alarming,
          nicolae_vaults_three_branches, nicolae_vaults_fighting_squares,
          nicolae_vaults_mini_display_case, nicolae_vaults_asterisk,
          nicolae_vaults_diagonal_hallway_7, nicolae_vaults_gold_heap,
          vaults_dpeg_hooks, serial_shops, nicolae_shop_statue_plus, uniq_norris
Vaults:2: nicolae_vaults_ninety_degrees, v_rooms_6, hangedman_vaults_stream,
          nicolae_vaults_hallways_thing, v_pattern_5, hangedman_vaults_maws,
          hangedman_vaults_river_flow, nicolae_vaults_rhombus_7,
          vaults_dpeg_encased_lava, grunt_vaults_hallway_short, vaults_dpeg_ring
Vaults:3: minmay_crypt_entry_skeletal_spiral, nicolae_vaults_theta,
          ontoclasm_vaults_fault, v_misc_5, ontoclasm_vaults_twist,
          hangedman_vaults_stagger, vaults_room_large_hall, v_misc_15, st_cells,
          nicolae_vaults_ring_of_whatevers, nicolae_vaults_theta,
          ontoclasm_vaults_decontamination
Vaults:4: v_misc_3, v_misc_3, v_misc_27, nicolae_vaults_big_ls, v_misc_13,
          v_misc_27, v_misc_4, nicolae_vaults_little_ls,
          nicolae_vaults_little_squares_6, vaults_room_grid, uniq_mennas,
          uniq_boris
Crypt:2:  lemuel_elevator
Crypt:3:  church_of_pain_bobbens, hex_medium, minivault_5,
          minmay_misc_feat_columns, grunt_ministairs_12
Depths:1: minmay_misc_feat_square, hell_entry, kennysheep_treasure_room,
          uniq_saint_roka, uniq_asterion
Depths:2: minmay_containers, serial_bayou_shore_b, grunt_mini_vestibule,
          pan_entry, infiniplex_staircase_river
Depths:3: hangedman_cross_cluster, nicolae_abyss_entry_one_way_or_another,
          minmay_misc_feat_alley, hell_entry, grunt_pan_entry_spiral,
          uniq_frederick
Depths:4: hangedman_cross_veins, corexii_leaking_fountain,
          hangedman_coc_ice_floe, abyss_entry, kennysheep_small_spiral
Depths:5: grunt_zot_entry_hairpin, enter_ziggurat_b, pan_entry, hex_tiny,
          hell_entry, serial_bayou_shore_b, uniq_enchantress
Geh:1:    special_room
Geh:2:    lemuel_hellion_isle
Geh:7:    geh_hangedman
Coc:4:    evilmike_ambush
Coc:7:    coc_old
Tar:1:    hangedman_tartarus_silent_blood_keep, nicolae_tar_cuneiform_sun
Tar:2:    hangedman_damned_closets
Tar:3:    grunt_deathspiral_small, lemuel_nasty_fountain
Tar:7:    tar_grunt_ereshkigal, tar_grunt_big_loot, tar_grunt_small_loot,
          tar_grunt_small_loot, tar_grunt_small_loot,
          tar_grunt_small_decor_pillar, tar_grunt_small_decor_pillar,
          nicolae_tar_cuneiform_city, tar_grunt_decor_1,
          tar_grunt_decor_cross_diag, tar_grunt_decor_3,
          tar_grunt_decor_cross_diag, tar_grunt_decor_cross_diag,
          tar_grunt_decor_3, tar_grunt_decor_4, tar_grunt_decor_circle_5,
          tar_grunt_decor_octagon_7, tar_grunt_decor_cross_diag,
          tar_grunt_decor_cross_ortho, tar_grunt_decor_3
Abyss:1:  abyss_fake_exit
Abyss:2:  abyss_greek_temple
Abyss:3:  evilmike_abyss_rune_acolytes_2
Bazaar:   bazaar_kb_twisted_cavern

Action                   |  1- 3 |  4- 6 |  7- 9 | 10-12 | 13-15 | 16-18 | 19-21 | 22-24 | 25-27 || total
-------------------------+-------+-------+-------+-------+-------+-------+-------+-------+-------++-------
Melee: War axe           |    62 |   146 |   393 |   466 |       |       |       |       |       ||  1067
       Battleaxe         |       |       |       |   467 |   493 |       |       |       |    83 ||  1043
       Executioner's axe |       |       |       |       |   525 |  1311 |  1378 |  1175 |  5106 ||  9495
       Trident           |       |       |       |       |    12 |       |       |       |       ||    12
       Glaive            |       |       |       |       |       |       |       |     4 |       ||     4
 Fire: Blowgun           |       |       |    41 |    30 |    18 |    86 |       |       |       ||   175
       Arbalest          |       |       |       |       |       |       |       |       |    17 ||    17
Throw: Stone             |       |    11 |     7 |   102 |     1 |       |       |       |       ||   121
       Javelin           |       |     2 |       |       |       |       |       |       |       ||     2
Invok: Heroism           |       |       |       |     4 |     1 |     2 |       |       |     6 ||    13
       Finesse           |       |       |       |       |     1 |       |       |       |     8 ||     9
 Abil: Evoke Flight      |       |       |       |       |       |       |       |       |     4 ||     4
Evoke: Wand              |       |       |       |     6 |     6 |     2 |       |       |    12 ||    26
       Lamp of fire      |       |       |       |       |       |       |       |     1 |       ||     1
       Phial of floods   |       |       |       |       |       |       |       |     1 |       ||     1
       Fan of gales      |       |       |       |       |       |       |       |       |     2 ||     2
       Stone of tremors  |       |       |       |       |       |       |       |       |     1 ||     1
  Use: Scroll            |       |       |     4 |     7 |    14 |    10 |    11 |    13 |    26 ||    85
       Potion            |       |       |       |     1 |     1 |       |       |     1 |     5 ||     8
 Stab: Confused          |       |       |       |     2 |       |       |       |       |       ||     2
       Paralysed         |       |       |       |       |     6 |       |       |       |       ||     6
       Held in net/web   |       |       |       |       |       |     2 |       |       |       ||     2
       Distracted        |       |       |       |       |       |       |       |     4 |     6 ||    10
  Eat: Chunk             |       |     7 |    15 |    40 |    32 |    44 |    39 |    38 |    80 ||   295
       Fruit             |       |       |       |       |       |     4 |     2 |     1 |    19 ||    26
       Beef jerky        |       |       |       |       |       |       |       |       |    13 ||    13
       Pizza             |       |       |       |       |       |       |       |       |     1 ||     1
       Meat ration       |       |       |       |       |       |       |       |       |    10 ||    10
